 Dungeon Crawl Stone Soup version 0.19.0-11-g3fc08b3 (webtiles) character file.

488 Qew7 the Ruffian (level 6, 61/61 HPs)
             Began as a Troll Monk on Nov 7, 2016.
             Was a Believer of Cheibriados.
             Starved to death
             ... on level 4 of the Dungeon on Nov 10, 2016.
             The game lasted 00:18:46 (3053 turns).

Qew7 the Ruffian (Troll Monk)                       Turns: 3053, Time: 00:18:47

Health: 61/61      AC:  6    Str: 26    XL:     6   Next: 90%
Magic:  5/5        EV: 12    Int: 10    God:    Cheibriados [**....]
Gold:   191        SH:  0    Dex: 16    Spells: 0 memorised, 5 levels left

rFire  . . .     SeeInvis .       - Unarmed
rCold  . . .     Gourm    +     a - +1 robe
rNeg   . . .     Faith    .     (no shield)
rPois  .         Spirit   .     (helmet restricted)
rElec  .         Reflect  .     (no cloak)
rCorr  .         Harm     .     (gloves unavailable)
MR     .....                    (boots unavailable)
Stlth  ++........               g - amulet of regeneration
                                (no ring)
                                d - ring of flight

@: fainting, very slow
A: unfitting armour, claws 3, fast metabolism 3, gourmand, regeneration 1,
shaggy fur 1, tough skin 2
a: Bend Time, Renounce Religion, Evoke Flight


You were on level 4 of the Dungeon.
You worshipped Cheibriados.
Cheibriados was pleased with you.
You were fainting.

You visited 2 branches of the dungeon, and saw 5 of its levels.

You collected 191 gold pieces.

Inventory:

Armour
 a - a +1 robe (worn)
Jewellery
 d - a ring of flight (left claw)
 g - an amulet of regeneration (around neck)
 m - a -2 ring of strength
Scrolls
 c - a scroll of fog
 l - 6 scrolls of remove curse
Potions
 b - a potion of cancellation
 e - a potion of flight


   Skills:
 + Level 3.2 Fighting
 + Level 4.2 Dodging
 + Level 1.7 Stealth
 + Level 5.5 Unarmed Combat


You had 5 spell levels left.
You didn't know any spells.

Dungeon Overview and Level Annotations

Branches:
Dungeon (4/15)             Temple (1/1) D:4

Altars:
Ashenzari
Cheibriados
Dithmenos
Elyvilon
Fedhas
Gozag
Hepliaklqana
Kikubaaqudgha
Makhleb
Nemelex Xobeh
Okawaru
Qazlal
Ru
Sif Muna
Trog
Uskayaw
Vehumet
Xom
Yredelemnul
Zin
The Shining One


Innate Abilities, Weirdness & Mutations

You are too large for most types of armour.
You have claws for hands.
Your metabolism is lightning-fast.
You like to eat raw meat.
Your natural rate of healing is unusually fast.
You are covered in fur. (AC +1)
You have very tough skin. (AC +2)


Message History

The worker ant is moderately wounded.
The worker ant bites you but does no damage.
You mangle the worker ant!!
You kill the worker ant!
Cheibriados appreciates the change of pace.
You feel sick.
You see here a worker ant corpse.
You feel sick.
There is a stone staircase leading up here.
You feel sick.
Found a whip.
Found a stone staircase leading down and a stone staircase leading up.
You feel sick.
You feel sick.
There is a stone staircase leading down here.
You feel sick.
You feel sick.
You are no longer poisoned.
You have starved to death.
You die...

,,,,,*#####'###.......#......#...
#######...............#......#...
......#...............#......#...
......#...............#......#)[.
......#..............,#......#().
...................,,,#......#.).
..##.#..####+##########......#..#
+**#*###....................##..#
,,,* #........@...........#....
,,,* #....................#....
,,,* #....................#....
**** #....................##'##
############'#######......
#............#......
#............#......
#............#......
##.#######..##......


There were no monsters in sight!

Vanquished Creatures
  Menkaure (D:4)
  A scorpion (D:4)
  A gnoll shaman (D:4)
  Natasha (thrice) (D:2)
  A worker ant (D:4)
  Robin (D:3)
  4 gnolls (D:4)
  4 adders
  An ooze (D:2)
  3 worms
  3 dart slugs
  A leopard gecko (D:4)
  8 orcs
  4 giant cockroaches
  18 goblins
  7 hobgoblins
  6 kobolds (D:1)
  6 quokkas
  A ball python (D:2)
  12 bats
  8 frilled lizards
  6 rats
100 creatures vanquished.

Notes
Turn   | Place    | Note
-------+----------+-------------------------------------------
     0 | D:1      | Qew7 the Troll Monk began the quest for the Orb.
     0 | D:1      | Reached XP level 1. HP: 22/22 MP: 0/0
   130 | D:1      | Reached XP level 2. HP: 29/29 MP: 1/1
   384 | D:1      | Reached XP level 3. HP: 29/36 MP: 2/2
  1062 | D:2      | Noticed Natasha
  1067 | D:2      | Killed Natasha
  1067 | D:2      | Reached skill level 4 in Unarmed Combat
  1067 | D:2      | Reached XP level 4. HP: 44/44 MP: 3/3
  1492 | D:2      | Noticed Natasha
  1498 | D:2      | Killed Natasha
  1523 | D:2      | Noticed Natasha
  1529 | D:2      | Killed Natasha
  1885 | D:3      | Reached XP level 5. HP: 53/53 MP: 4/4
  1994 | D:3      | Noticed Robin
  1998 | D:3      | Upgraded the game from 0.19.0-9-gfd783f2 to 0.19.0-11-g3fc08b3
  2022 | D:3      | Killed Robin
  2635 | D:4      | Reached XP level 6. HP: 56/61 MP: 5/5
  2641 | D:4      | Found a staircase to the Ecumenical Temple.
  2650 | Temple   | Entered the Ecumenical Temple
  2730 | Temple   | Became a worshipper of Cheibriados the Contemplative
  2730 | Temple   | Reached * piety under Cheibriados
  2730 | Temple   | Reached ** piety under Cheibriados
  2808 | D:4      | Noticed Menkaure
  2825 | D:4      | Killed Menkaure
  2825 | D:4      | Reached skill level 5 in Unarmed Combat
  3053 | D:4      | Starved to death

Skill      XL: |  1  2  3  4  5  6 |
---------------+-------------------+-----
Unarmed Combat | 4 5 |  5.5
Fighting       | 3 |  3.2
Dodging        | 3 4 |  4.2
Stealth        | |  1.7

Action                   |  1- 3 |  4- 6 || total
-------------------------+-------+-------++-------
Melee: Unarmed           |   105 |   180 ||   285
       Punch             |     1 |     4 ||     5
  Use: Scroll            |     3 |    10 ||    13
       Potion            |       |     6 ||     6
 Stab: Sleeping          |     4 |     4 ||     8
       Invisible         |       |     1 ||     1
  Eat: Bread ration      |     2 |     1 ||     3
       Beef jerky        |       |     2 ||     2
       Meat ration       |       |     1 ||     1
Armor: Robe              |    44 |    63 ||   107
Dodge: Dodged            |    56 |   194 ||   250
